[Event "GER-ch Youth-U14 2022"]
[Site "Willingen"]
[Date "2022.06.06"]
[Round "3.21"]
[White "Goepfert, Gregor"]
[Black "Vihan, Shourya"]
[Result "1-0"]
[ECO "B13"]
[WhiteElo "1446"]
[BlackElo "1385"]
[Annotator "NA RC COMBH"]
[PlyCount "87"]
[EventDate "2022.06.05"]
[EventType "swiss"]
[EventRounds "9"]
[EventCountry "GER"]
[SourceTitle "playchess.com"]
[Source "ChessBase"]
[SourceQuality "1"]
[TimeControl "40/4500+30:900+30"]

1. e4 c6 2. d4 d5 3. exd5 cxd5 4. Bd3 Nc6 5. c3 Nf6 6. h3 e5 7. dxe5 Nxe5 8. Be2 Be6 9. Nf3 Bd6 10. Nxe5 Bxe5 11. Be3 O-O 12. Na3 Qa5 13. Nb5 Ne4 14. O-O a6 15. Nd4 Qd8 16. Bg4 Qd7 17. f4 Bxd4 18. Bxd4 Ng3 19. Rf3 f5 20. Rxg3 fxg4 21. Qd2 Rf7 22. hxg4 Bxg4 23. Rf1 Re8 24. Re3 Rfe7 25. Re5 Bf5 26. Qf2 Be4 27. Qg3 Rf7 28. Rxe8+ Qxe8 29. f5 Qf8 30. f6 g6 31. Qe5 Kh8 32. b4 Kg8 33. Rf4 b5 34. Qe6 Qa8 35. Rh4 Bf5 36. Qe3 Qc8 37. Qe5 Qa8 38. g4 Be4 39. Qe6 Qb7 40. Bc5 Qb8 41. Rh3 Qa8 42. Rxh7 Kxh7 43. Qxf7+ Kh6 44. Be3+ 1-0

[Event "GER-ch Youth-U14 2022"]
[Site "Willingen"]
[Date "2022.06.06"]
[Round "3.22"]
[White "Shapiro, Danil"]
[Black "Grundmann, Max"]
[Result "1-0"]
[ECO "B24"]
[WhiteElo "1468"]
[BlackElo "1358"]
[Annotator "NA RC COMBH"]
[PlyCount "61"]
[EventDate "2022.06.05"]
[EventType "swiss"]
[EventRounds "9"]
[EventCountry "GER"]
[SourceTitle "playchess.com"]
[Source "ChessBase"]
[SourceQuality "1"]
[TimeControl "40/4500+30:900+30"]

1. e4 c5 2. Nc3 Nc6 3. d3 g6 4. g3 Bg7 5. Bg2 Nf6 6. f4 d6 7. Nf3 O-O 8. O-O Bg4 9. h3 Bxf3 10. Qxf3 Nd4 11. Qd1 Rb8 12. Ne2 Nxe2+ 13. Qxe2 e6 14. g4 h5 15. e5 dxe5 16. fxe5 Qd4+ 17. Kh1 Nd7 18. gxh5 Qxe5 19. Qxe5 Nxe5 20. hxg6 Nxg6 21. Rb1 b6 22. Be4 f5 23. Bc6 Rbd8 24. Rg1 Rd4 25. Rxg6 Rh4 26. Rg3 Kh7 27. Bg5 Rd4 28. c3 f4 29. Rf3 Rd6 30. Be4+ Kg8 31. Be7 1-0

[Event "GER-ch Youth-U14 2022"]
[Site "Willingen"]
[Date "2022.06.07"]
[Round "4.1"]
[White "Deuer, Marius"]
[Black "Sreyas Payyappat"]
[Result "1/2-1/2"]
[ECO "A35"]
[WhiteElo "2359"]
[BlackElo "2169"]
[Annotator "TA"]
[PlyCount "72"]
[EventDate "2022.06.05"]
[EventType "swiss"]
[EventRounds "9"]
[EventCountry "GER"]
[SourceTitle "playchess.com"]
[Source "ChessBase"]
[SourceQuality "1"]
[TimeControl "40/4500+30:900+30"]

1. Nf3 Nf6 2. c4 c5 3. Nc3 Nc6 4. e3 g6 5. d4 cxd4 6. exd4 d5 7. cxd5 Nxd5 8. Qb3 Nxc3 9. Bc4 e6 10. bxc3 Bg7 11. Ba3 Bf8 12. Bxf8 Kxf8 13. h4 {[%emt 0:00:00] A35: Symmetrical English: 2 Nc3 Nc6 3 Nf3.} h5 14. O-O Kg7 15. Qb2 {[%emt 0:00:00] White is slightly better.} Qf6 {[%emt 0:00:00] [#]} 16. Ng5 $146 ({Predecessor:} 16. Rfe1 Rd8 17. Re3 Ne7 18. Bd3 Nd5 19. Re5 Bd7 20. c4 Nf4 {1-0 (62) Stork,O (2394)-Sreyas,P (2287) Dortmund 2021}) 16... b6 17. Rfe1 Na5 18. Bd3 Bb7 19. Re3 Rac8 20. Rae1 {[%emt 0:05:37][%cal Re3e6] Rxe6! is the strong threat.} Bd5 21. Rg3 Nc4 {[%emt 0:01:39] Against Re5} 22. Qb4 ({Better is} 22. Qc2 $11) 22... Rhd8 {[%emt 0:05:43] [#]} (22... Rc7 $15) 23. Be4 (23. Nxf7 $1 $14 Kxf7 24. Bxg6+ Kg8 25. Be4+ Kh8 26. Rg6) 23... Bxe4 (23... a5 $5 24. Qb1 Nd2 25. Qxb6 Bxe4 26. Nxe4 Nxe4 27. Rxe4 Rb8 $11) 24. Rxe4 (24. Nxe4 $14 a5 25. Qb1 (25. Nxf6 axb4 26. Nxh5+ Kf8 $11)) 24... Nd6 (24... a5 $5 25. Qa4 b5 $15) 25. Rf3 Nf5 (25... Nxe4 $2 26. Rxf6 Nxf6 27. Qe7 $18) 26. Ref4 e5 $2 (26... Rd5 $15 {stays ahead.}) 27. Ne4 Qe6 {[%emt 0:03:35] [#]} (27... a5 $16 {might work better.} 28. Qb1 Qe6) 28. Rxf5 $1 $18 gxf5 29. Rg3+ $1 Kh8 30. Ng5 Qd7 {[%emt 0:00:09] Hoping for ...f6.} (30... Qxa2 {gets mated.} 31. Qe7 Rg8 32. Qf6+ Rg7 33. Ne6 $1 Qb1+ 34. Kh2) 31. dxe5 {[%emt 0:07:08] Threatens to win with Qf4.} Rc6 {[%emt 0:02:42] [#]} 32. e6 {[%emt 0:11:55] White is more active.} ({White should play} 32. Qf4 $1 $16 {[%cal Oe5e6] Strongly threatening e6!} Rg6 33. e6 fxe6 34. Qe5+ Kg8 35. Nxe6 Rxg3 36. Qxg3+ Kf7 37. Nxd8+ Qxd8 38. Qf3) 32... fxe6 (32... Qd1+ 33. Kh2 Rxe6 34. Nxf7+ Kh7 35. Ng5+ Kh8 36. Nxe6 $18) (32... Rxe6 $11 {is more appropriate.} 33. Nxe6 Qxe6) 33. Qf4 $1 $14 {[%emt 0:00:25][%cal Og5f7] Nf7+! would kill now.} Rg8 $1 34. Qe5+ Rg7 {[%emt 0:00:21] The position is equal.} 35. Rd3 Qxd3 36. Qb8+ Rg8 $1 {[%emt 0:00:11] Weighted Error Value: White=0.25 (precise) /Black=0.28 (precise)} 1/2-1/2

[Event "GER-ch Youth-U14 2022"]
[Site "Willingen"]
[Date "2022.06.07"]
[Round "4.2"]
[White "Ermitsch, Magnus"]
[Black "Haubold, Sebastian Marcel"]
[Result "1-0"]
[ECO "C84"]
[WhiteElo "2222"]
[BlackElo "1869"]
[Annotator "TA"]
[PlyCount "71"]
[EventDate "2022.06.05"]
[EventType "swiss"]
[EventRounds "9"]
[EventCountry "GER"]
[SourceTitle "playchess.com"]
[Source "ChessBase"]
[SourceQuality "1"]
[TimeControl "40/4500+30:900+30"]

1. e4 e5 2. Nf3 Nc6 3. Bb5 a6 4. Ba4 Nf6 5. O-O Be7 6. d3 b5 7. Bb3 d6 8. c3 O-O 9. a4 {[%emt 0:00:00] 9.h3 is setting a new trend. C84: Closed Ruy Lopez: Unusual White 6th moves.} Bb7 10. Bg5 Nd7 11. Be3 {[%emt 0:00:00] White has an edge.} Na5 {[%emt 0:07:27] [#]} 12. Ba2 $146 ({Predecessor:} 12. Bc2 c5 13. Nbd2 d5 14. d4 dxe4 15. Nxe4 Qc7 16. dxc5 Nc4 17. b4 h6 18. Bc1 {1-0 (26) Pham,K (2291)-Boeren,J (1778) Almelo 2022}) 12... c5 13. b4 cxb4 14. cxb4 Nc6 15. Bd5 Nb6 16. Nc3 Rb8 17. axb5 axb5 18. Qb3 Bf6 19. Rfc1 {[%emt 0:24:18] 0x0.002a9fbbedb5dp-1022s more active pieces. The black rooks are badly placed.} Nxd5 20. Nxd5 ({Much worse is} 20. exd5 Ne7 $11) 20... Ne7 {[%emt 0:02:59] Loses the game.} (20... Kh8 $14) 21. Nxf6+ $18 gxf6 22. Nh4 Qd7 (22... d5 $142 23. Bc5 Kh8) 23. Qd1 Bc8 $2 (23... Kh8 24. Qh5 Nc6) 24. h3 {[%emt 0:01:52] aiming for Ra7.} Kh8 25. Qf3 Qe6 26. d4 d5 27. Rc7 {[%emt 0:03:39] Raa7 is the strong threat.} Rb7 28. Rc5 f5 $2 (28... dxe4 29. Qxe4 exd4 30. Qxd4 Rd7) 29. exd5 Qf6 {[%emt 0:00:07] [#]} 30. dxe5 $1 Qxh4 31. d6 Ng6 {[%emt 0:00:19] [#]} (31... Rb8 $142 32. Ra7 Re8 33. Rxe7 Rxe7 34. dxe7 Be6 35. Rxb5 Re8) 32. Rxc8 $1 {[%emt 0:00:17][%mdl 576] Remove Defender} Rxc8 (32... Qe4 33. Rxf8+) 33. Qxb7 Rf8 34. Ra8 {[%emt 0:00:38] Threatening mate with Rxf8+.} f4 35. Rxf8+ Nxf8 36. Qxf7 {[%emt 0:00:07] Weighted Error Value: White=0.26 (precise) /Black=0.51} 1-0

[Event "GER-ch Youth-U14 2022"]
[Site "Willingen"]
[Date "2022.06.07"]
[Round "4.4"]
[White "Mader, Fabian"]
[Black "Besou, Hussain"]
[Result "1/2-1/2"]
[ECO "B11"]
[WhiteElo "1652"]
[BlackElo "2094"]
[Annotator "TA"]
[PlyCount "141"]
[EventDate "2022.06.05"]
[EventType "swiss"]
[EventRounds "9"]
[EventCountry "GER"]
[SourceTitle "playchess.com"]
[Source "ChessBase"]
[SourceQuality "1"]
[TimeControl "40/4500+30:900+30"]

1. e4 c6 2. Nc3 d5 3. Nf3 Bg4 4. h3 Bxf3 5. Qxf3 Nf6 6. d4 dxe4 7. Qe3 Nbd7 8. Nxe4 Nxe4 9. Qxe4 Nf6 {[%emt 0:00:00] B11: Caro-Kann: Two Knights Variation.} 10. Qe3 e6 11. c3 {[%emt 0:00:00] [#]} Bd6 $146 ({Predecessor:} 11... Qd5 12. Qg3 h5 13. Be2 h4 14. Qf3 Bd6 15. O-O O-O-O 16. Qxd5 exd5 17. Bd3 Rde8 {½-½ (31) Maze,S (2617)-Andreikin,D (2736) Stockholm 2016}) 12. Bd3 O-O 13. O-O Qa5 14. Qf3 Qd5 15. Qxd5 cxd5 16. Bg5 Nd7 17. f4 h6 18. Bh4 g5 (18... g6 $11 {keeps the balance.}) 19. fxg5 $16 Be7 20. Rf3 {[%emt 0:06:04] White is more active.} hxg5 {[%emt 0:07:02] [#]} 21. Bxg5 Bxg5 22. Rg3 f6 23. h4 $1 {[%emt 0:00:06][%cal Bh3h4,Bh4g5][%mdl 96] Pin} Kf7 24. hxg5 f5 25. Re1 Rg8 26. Rh3 {[%emt 0:05:56] Strongly threatening Rh7+.} Nf8 {[%emt 0:01:26] Against Rh7+} (26... Rg7 $16) 27. c4 $2 (27. Rh5 $18) 27... Rd8 $14 28. Rhe3 Rxg5 29. cxd5 Rxd5 30. Bc4 $1 Rd6 31. Re5 Rxd4 32. Bxe6+ Kf6 33. Bb3 Ng6 34. Re6+ Kg7 35. Re8 Kh6 36. R1e6 Kh5 37. Rg8 Rd2 38. Rexg6 $2 Rxg6 $11 {[%emt 0:00:27][%mdl 4096] Endgame KRR-KRB} ({Not} 38... Rdxg2+ 39. Kf1 Rg1+ 40. Kf2 R1g2+ 41. Kf1 Rg1+ 42. Kf2 R1g2+ 43. Kf1 $11) 39. Bf7 Rdxg2+ 40. Kf1 {[%emt 0:00:38] Hoping for Rh8+.} Kh6 $1 41. Rh8+ (41. Bxg6 Rxg6 42. Rb8) 41... Kg7 $19 42. Bxg6 Rxg6 $2 {[%emt 0:00:06] KR-KR} (42... Rxb2 $19 {and Black stays clearly on top.} 43. Ra8 Kxg6 44. Rxa7 Kg5) 43. Rd8 (43. Re8 $142) 43... Rb6 $1 $17 44. b3 Kf6 $1 45. Kf2 Re6 (45... Ra6 $1 $17 46. Rd2 Re6) 46. Rf8+ $15 Kg6 {[%emt 0:00:33] ...Ra6 is the strong threat.} 47. Rg8+ Kf7 48. Rd8 Re7 {[%emt 0:00:14] Against Rd7} 49. Rd6 Rc7 50. Kf3 Ke7 51. Rh6 Kd7 52. Kf4 $2 (52. Rf6 $1 $11) 52... Rc2 $19 53. Kxf5 $2 (53. Rh7+ Kc6 54. Rh6+ Kc5 55. Rh7) 53... Rxa2 54. Ke5 {[%emt 0:01:54] [#]} Rb2 $2 ({Black should try} 54... Rd2 $1 $19 55. Ke4 a5) 55. Rh3 $2 {[%emt 0:00:40][%mdl 8192] [#]} (55. Rd6+ $11 Kc7 56. Rd3) 55... Rd2 $1 56. Rc3 Rd6 $2 (56... b6 $19 {Threatens to win with ...a5.} 57. b4 Rb2) 57. Ke4 $1 $11 Rc6 58. Rh3 {[%emt 0:01:00] The position is equal.} Kc7 {[%emt 0:00:11] aiming for ...Rd6.} 59. Kd4 Kb6 60. Rh5 Ka6 61. b4 Rc1 62. Rc5 Rh1 63. Kc4 b6 64. Rg5 Rc1+ 65. Kb3 Rc7 66. Rh5 Kb7 67. Rg5 Kc8 68. b5 Kd7 69. Rg7+ Kd6 70. Rxc7 Kxc7 71. Kc4 {[%emt 0:00:00] Both players deserved the win here.  Weighted Error Value: White=0.74/Black=0.46} 1/2-1/2

[Event "GER-ch Youth-U14 2022"]
[Site "Willingen"]
[Date "2022.06.07"]
[Round "4.5"]
[White "Möller, Maurin"]
[Black "Udelnov, Valentin"]
[Result "1-0"]
[ECO "C50"]
[WhiteElo "1780"]
[BlackElo "1901"]
[Annotator "TA"]
[PlyCount "45"]
[EventDate "2022.06.05"]
[EventType "swiss"]
[EventRounds "9"]
[EventCountry "GER"]
[SourceTitle "playchess.com"]
[Source "ChessBase"]
[SourceQuality "1"]
[TimeControl "40/4500+30:900+30"]

1. e4 e5 2. Nf3 Nc6 3. Bc4 Bc5 4. O-O Nf6 5. d4 Bxd4 6. Nxd4 Nxd4 7. f4 d6 8. fxe5 dxe5 9. Bg5 Be6 (9... Qe7 $15 10. Nd2 Be6) 10. Na3 $11 {[%emt 0:00:00][%cal Bb1a3,Ba3c4,Bc4e3,Be3g4,Bg4f6,Bf6g4,Bg4e5][%mdl 32] C50: Hungarian Defence and Giuoco Pianissimo.} Qe7 11. Bxf6 gxf6 12. c3 {[%emt 0:00:00] The position is equal.} Bxc4 {[%emt 0:02:02] 12...Nc6 is more fashionable.} 13. Nxc4 Ne6 {[%emt 0:00:27] White must now prevent ...Qc5+.} 14. b4 {[%emt 0:00:00][%mdl 1024] Inhibits Qc5+. White has compensation.} Rg8 15. Ne3 {[%emt 0:00:00] Threatens to win with Nd5.} Nf4 16. Kh1 $36 {[%emt 0:00:00][%mdl 2048] aiming for g3. White has the initiative.} c6 (16... Qe6 $11 {keeps the balance.}) 17. g3 $1 $16 {[%emt 0:01:28] Hoping for Nf5.} Rd8 18. Qf3 Ne6 {[%emt 0:09:17] [#]} 19. Ng4 $1 Rg6 20. Nxf6+ Kf8 {[%emt 0:00:06] [#]} 21. Ng4 $1 {[%emt 0:02:58] [#] White is more active.} (21. Nxh7+ Kg7 22. Qh5 Rh8 23. Qxe5+ Kxh7 $19) 21... Ng7 $146 (21... Ng5 $16 22. Qf5 Qe6) ({Predecessor:} 21... Ng5 22. Qf5 Nh3 23. Nxe5 Rg5 24. Qxf7+ Qxf7 25. Nxf7 Ke7 26. Nxd8 Kxd8 27. Kg2 Rh5 28. Rf5 {1-0 (28) Zaza,L (2028)-Urwyler,N (1961) Lenzerheide 2018}) 22. Nxe5 $1 $18 Rgd6 $2 (22... Kg8 23. Nxg6 (23. Qxf7+ Qxf7 24. Nxf7 Rf8 $18) 23... hxg6) 23. Qxf7+ {[%emt 0:01:24] Weighted Error Value: White=0.02 (flawless) /Black=0.51} 1-0

[Event "GER-ch Youth-U14 2022"]
[Site "Willingen"]
[Date "2022.06.07"]
[Round "4.6"]
[White "Kieselbach, Jannik"]
[Black "Haubold, Christian Lucas"]
[Result "0-1"]
[ECO "C45"]
[WhiteElo "1631"]
[BlackElo "1921"]
[Annotator "TA"]
[PlyCount "52"]
[EventDate "2022.06.05"]
[EventType "swiss"]
[EventRounds "9"]
[EventCountry "GER"]
[SourceTitle "playchess.com"]
[Source "ChessBase"]
[SourceQuality "1"]
[TimeControl "40/4500+30:900+30"]

1. e4 e5 2. Nf3 Nc6 3. d4 exd4 4. Nxd4 Bc5 5. Be3 Qf6 6. c3 Nge7 7. Bc4 Ne5 8. Be2 Qg6 9. O-O d6 ({Don't take} 9... Qxe4 10. Nd2 Qg6 11. Nb5 Bxe3 12. Nxc7+ Kd8 13. Nxa8 Bxd2 14. Qxd2 $16) 10. Nb5 {[%emt 0:03:05] C45: Scotch Game.} (10. f3 $11 {remains equal.}) 10... Bh3 $1 $17 11. Bf3 O-O (11... O-O-O $17 12. Nd4 d5) 12. Bxc5 $15 {[%emt 0:05:05] Black is slightly better.} dxc5 13. Nxc7 Rad8 14. Nd5 N7c6 15. Kh1 {[%emt 0:05:30] [#]} (15. Nd2 $5 ) 15... f5 $146 ({Predecessor:} 15... Be6 16. Nd2 Qh6 17. Nb3 f5 18. Nxc5 Nxf3 19. gxf3 fxe4 20. fxe4 Bh3 21. Rg1 Rxf2 {1-0 (35) Wang,Y-Bousmaha,L (1558) Saint Quentin 2019}) 16. gxh3 (16. Nd2 $1 $11) 16... Nxf3 $40 {[%emt 0:01:16][%mdl 192] Remove Defender. Black attacks with force. Black is more active.} 17. Qxf3 {[%emt 0:01:20] c4 is the strong threat.} fxe4 18. Qd1 (18. Qg3 $17 {was necessary.} Rxd5 19. Qxg6 hxg6 20. c4) 18... e3 $1 $19 {[%emt 0:00:17] aiming for ...Qe4+.} 19. f3 {[%emt 0:07:02] Inhibits Qe4.} (19. Na3 exf2 20. Qe2 Rxd5 21. Rxf2) 19... Qe6 $1 {[%emt 0:00:22][%csl LRd5,LRh3] White must now prevent ...e2.} ({Weaker is} 19... e2 20. Qxe2 Rxd5 21. Nd2 $11) 20. Qe2 Rxd5 21. f4 $2 (21. Na3 Ne5 22. Qxe3) 21... Qe4+ 22. Kg1 Rxf4 23. Rxf4 Qxf4 24. h4 {[%emt 0:02:05] Inhibits Rg5+.} Rd6 {[%emt 0:01:21] Black mates.} 25. h5 Qg5+ 26. Kh1 Qd5+ {[%emt 0:00:07] Weighted Error Value: White=1.22/Black=0.06 (flawless)} (26... Ne5 $142 27. c4 Nd3 28. Nc3 Nf2+ 29. Qxf2 exf2 30. Ne4 {[#]} Qxh5 $1 31. Kg2 Qe2 $1 32. Kg3 Qxe4 33. h3 f1=N+ 34. Rxf1 Rg6+ 35. Kh2 Qg2#) 0-1

[Event "GER-ch Youth-U14 2022"]
[Site "Willingen"]
[Date "2022.06.07"]
[Round "4.7"]
[White "Krüger, Arthur"]
[Black "Winkler, Yonathan"]
[Result "1/2-1/2"]
[ECO "B28"]
[WhiteElo "1988"]
[BlackElo "1699"]
[Annotator "TA"]
[PlyCount "99"]
[EventDate "2022.06.05"]
[EventType "swiss"]
[EventRounds "9"]
[EventCountry "GER"]
[SourceTitle "playchess.com"]
[Source "ChessBase"]
[SourceQuality "1"]
[TimeControl "40/4500+30:900+30"]

1. e4 c5 2. Nf3 a6 3. c3 d5 4. exd5 Qxd5 5. d4 Nf6 6. Be2 e6 7. O-O Nc6 8. Be3 cxd4 9. Nxd4 {[%emt 0:00:00] 9.cxd4 is vanishing.} Ne5 {[%emt 0:00:00] B28: Sicilian: 2 Nf3 a6 (O'Kelly Variation).} 10. Nd2 Be7 11. f4 Ng6 {[%emt 0:04:55] White is slightly better.} 12. Bf3 Qd8 {[%emt 0:02:52] [#]} 13. g3 $146 ({Predecessor:} 13. Qa4+ Bd7 14. Qb3 Rb8 15. Rae1 O-O 16. Nc4 Nh4 17. Bd1 Nd5 18. Bf2 Qc7 19. Ne5 {½-½ (54) Heppell,I-Ballon,G (2162) Les Dicqs 2003}) 13... e5 14. fxe5 Nxe5 15. Bg2 O-O 16. Qb3 Nfg4 17. Rae1 Bc5 18. Bd5 (18. Bxb7 $2 Rb8 19. Qd5 Rxb7 $19) (18. Nc4 $11) 18... a5 $1 $17 {[%emt 0:09:45] ...a4 is the strong threat.} 19. a4 (19. Bxb7 $2 Rb8 20. Qd5 Bxd4 21. Bxd4 Rxb7 $19) 19... Bd7 20. Nc4 {[%emt 0:05:00] [#]} ({Avoid the trap} 20. Qxb7 $2 Rb8 21. Bxf7+ Nxf7 $19) (20. Ne4 $15 Nxe3 21. Nxc5 (21. Rxe3 Bxa4 22. Qa2 Bxd4 $17) 21... Nxf1 22. Rxe5) 20... Bxa4 $1 21. Qxa4 ({Don't blunder} 21. Qxb7 $2 Rb8 22. Bg5 Qxg5 $19) 21... Qxd5 22. Nxe5 Nxe5 23. Qd1 (23. Nf5 $17) 23... Nc4 (23... Rfe8 $19 {White must now prevent ...Rad8.} 24. Qb3 Qd7) 24. Rf5 Nxe3 25. Rxd5 Nxd1 26. Rxd1 b6 27. Kf1 Rad8 28. Nb3 Be7 29. Ke2 Rfe8 {[%emt 0:00:48] aiming for ...a4.} 30. Rxd8 Rxd8 31. Rxd8+ Bxd8 {[%emt 0:00:04][%mdl 4096] Endgame KB-KN} 32. Kd3 Kf8 33. Kc4 Ke7 34. Kd5 Kd7 35. Nd2 h6 36. Nc4 (36. g4 $17 {keeps fighting.}) 36... Bc7 $19 37. Ne3 (37. Nd2 $142) 37... h5 $1 38. Nf5 g6 39. Nh4 Bd8 40. Nf3 Bf6 41. Nd2 Bd8 42. Nf3 $1 {[%emt 0:00:00] [#]} f6 $1 43. h3 (43. Nh4 $17 {is a better defense.}) 43... Bc7 44. g4 hxg4 45. hxg4 {[%emt 0:00:00] [#]} Bg3 $2 (45... a4 $1 $19 {Strongly threatening ...Bf4.} 46. Ne1 Bg3) 46. Nd4 (46. b3 $1 $11) 46... Bd6 (46... a4 $17 {And now ...Bf4 would win.} 47. Ne2 Be5) 47. b3 $11 {[%emt 0:00:00] The position is equal.} Be5 {[%emt 0:00:00] Threatens to win with ...Bxd4.} 48. Ne2 Bc7 49. Nd4 Bd6 50. c4 {[%emt 0:00:00] Weighted Error Value: White=0.27 (precise) /Black=0.23 (precise)} 1/2-1/2

[Event "GER-ch Youth-U14 2022"]
[Site "Willingen"]
[Date "2022.06.07"]
[Round "4.8"]
[White "Luebke, Florentin"]
[Black "Sauer, Tim"]
[Result "1/2-1/2"]
[ECO "B38"]
[WhiteElo "1613"]
[BlackElo "1769"]
[Annotator "NA RC COMBH"]
[PlyCount "113"]
[EventDate "2022.06.05"]
[EventType "swiss"]
[EventRounds "9"]
[EventCountry "GER"]
[SourceTitle "playchess.com"]
[Source "ChessBase"]
[SourceQuality "1"]
[TimeControl "40/4500+30:900+30"]

1. e4 c5 2. Nf3 Nc6 3. d4 cxd4 4. Nxd4 g6 5. c4 Bg7 6. Be3 Nf6 7. Nc3 O-O 8. Be2 d6 9. O-O Bd7 10. Qd2 Nxd4 11. Bxd4 Bc6 12. f3 Nd7 13. Rad1 a5 14. Rfe1 a4 15. f4 Qa5 16. Bg4 e5 17. Bf2 f5 18. Bf3 exf4 19. Qxd6 Ne5 20. Nd5 Kh8 21. Bb6 Qa6 22. c5 Qc4 23. Be2 Qc2 24. Nb4 Qxb2 25. Nxc6 bxc6 26. Bf3 Qc3 27. Kf2 Nxf3 28. gxf3 Rae8 29. Qd3 Qf6 30. Bc7 Qh4+ 31. Kg2 Qg5+ 32. Kh1 fxe4 33. Rxe4 h6 34. Bd6 Rg8 35. Rxf4 h5 36. Rg1 Qh6 37. Rxa4 Re3 38. Qxg6 Rxf3 39. Qxh6+ Bxh6 40. Rxg8+ Kxg8 41. Kg2 Rd3 42. Ra6 Kf7 43. a4 Ra3 44. Ra7+ Ke6 45. a5 Bg5 46. a6 Kd5 47. Rh7 Ke6 48. a7 h4 49. Kf2 Bf6 50. Ke2 Kd5 51. Rh6 Ke6 52. Rh7 Kd5 53. Rb7 Bd4 54. Rh7 Bxc5 55. Bb8 Bd4 56. Rd7+ Kc4 57. Rh7 1/2-1/2

[Event "GER-ch Youth-U14 2022"]
[Site "Willingen"]
[Date "2022.06.07"]
[Round "4.9"]
[White "Wunderlich, Elias"]
[Black "Sommer, Justus"]
[Result "0-1"]
[ECO "C67"]
[WhiteElo "1619"]
[BlackElo "1868"]
[Annotator "NA RC COMBH"]
[PlyCount "120"]
[EventDate "2022.06.05"]
[EventType "swiss"]
[EventRounds "9"]
[EventCountry "GER"]
[SourceTitle "playchess.com"]
[Source "ChessBase"]
[SourceQuality "1"]
[TimeControl "40/4500+30:900+30"]

1. e4 e5 2. Nf3 Nc6 3. Bb5 Nf6 4. O-O Nxe4 5. d4 Nd6 6. Ba4 exd4 7. Bxc6 dxc6 8. Qxd4 Nf5 9. Qxd8+ Kxd8 10. Nc3 Be7 11. Bf4 Be6 12. Rad1+ Kc8 13. a3 b6 14. Rfe1 Re8 15. Ne2 (15. Ng5 $17) 15... Kb7 16. Ned4 Nxd4 17. Nxd4 Bd5 18. Be5 f6 19. Bf4 Bc5 20. Be3 Be4 21. c4 (21. f3 $17 Bg6 22. c3) 21... a5 22. Rd2 Bg6 23. Red1 Re4 24. Rd3 Rae8 25. b3 R4e7 26. R3d2 Bxa3 27. Nf3 Bb4 28. Rd7 (28. Rb2 {was called for.}) 28... Bc2 29. Rxe7 Rxe7 30. Rc1 Bxb3 31. Nd4 a4 32. Rb1 Rd7 33. g3 c5 34. Nxb3 axb3 35. Rxb3 Kc6 36. Kf1 Bd2 37. Ke2 Bxe3 38. fxe3 Rd8 39. h4 f5 40. Kf3 Rd1 41. Kf4 g6 42. h5 Rc1 43. Kg5 gxh5 44. Kxf5 Rxc4 45. e4 $19 Rc1 46. e5 Rf1+ 47. Ke6 Re1 48. Kf6 c4 49. Rb2 b5 50. e6 c3 51. Rb3 Kd6 52. Rxc3 Rxe6+ 53. Kg5 Re5+ 54. Kh6 b4 55. Rb3 Kc5 56. Kxh7 Kc4 57. Rb1 c5 58. Kg6 b3 59. Rf1 b2 60. Kf6 Re3 0-1

[Event "GER-ch Youth-U14 2022"]
[Site "Willingen"]
[Date "2022.06.07"]
[Round "4.10"]
[White "Honisch, Alexander"]
[Black "Mueller, Maximilian"]
[Result "1-0"]
[ECO "C72"]
[WhiteElo "1878"]
[BlackElo "2299"]
[Annotator "TA"]
[PlyCount "83"]
[EventDate "2022.06.05"]
[EventType "swiss"]
[EventRounds "9"]
[EventCountry "GER"]
[SourceTitle "playchess.com"]
[Source "ChessBase"]
[SourceQuality "1"]
[TimeControl "40/4500+30:900+30"]

1. e4 e5 2. Nf3 Nc6 3. Bb5 a6 4. Ba4 d6 5. O-O Bd7 6. c3 g5 {[%emt 0:00:00] C72: Ruy Lopez: Deferred Steinitz: 5 0-0.} 7. d4 g4 8. Ne1 h5 {[%emt 0:00:00] White is slightly better.} 9. Be3 Bg7 10. f4 {[%emt 0:05:21] aiming for fxe5.} exd4 11. cxd4 d5 12. e5 {[%emt 0:08:17] [#]} Nh6 $146 ({Predecessor:} 12... Bh6 13. Bxc6 Bxc6 14. Qd2 f5 15. Nc3 Ne7 16. Nd3 b6 17. b4 Bb5 18. a4 Bc4 {1-0 (36) Potapov,P (2515)-Pridorozhni,A (2574) Khanty-Mansiysk 2018}) 13. Bxc6 bxc6 14. Nd3 Nf5 15. Qd2 Rb8 16. Nc3 Rh6 17. Rac1 Rg6 18. Rc2 Qh4 19. Ne1 Bh6 20. Na4 (20. g3 Nxg3 $1 21. hxg3 Qxg3+ 22. Ng2 Bf5 $17) 20... g3 21. h3 Qe7 (21... Bf8 $142) 22. Nc5 $16 Bc8 23. Nf3 Kf8 24. Nd3 {[%emt 0:01:51] Pair of Knights!} Kg8 25. Qe2 a5 26. Rfc1 (26. Rc5 $16) 26... Rb6 (26... Ba6 $1 $11) 27. Qd2 Nxe3 28. Qxe3 Bf5 29. Re1 ({White should try} 29. b3 $16) 29... Bxf4 $1 $11 30. Qxf4 Bxd3 31. Rc3 Be4 32. Re2 {[%emt 0:00:43] Black must now prevent Nh4.} Bb1 (32... Bxf3 $11 33. Rxf3 c5) 33. a3 ({Much less strong is} 33. Nh4 Rg7 $14) 33... a4 34. Nh4 Rg4 {[%emt 0:00:07][%mdl 8192] [#] Black cannot hold the game after this.} 35. Rxg3 $1 Rxg3 $18 36. Qxg3+ Kf8 {[%emt 0:02:32] [#]} 37. e6 $1 {[%emt 0:00:50][%cal Oe6f7] And now exf7! would win.} ({Weaker is} 37. Rf2 c5 $16) 37... fxe6 (37... c5 38. exf7 Qxf7) 38. Ng6+ Bxg6 39. Qxg6 {[%emt 0:00:02] White threatens Rf2+ and mate.} Qg7 40. Rf2+ {[%emt 0:01:15] White mates.} Kg8 41. Qxe6+ Kh8 42. Qe8+ {[%emt 0:00:00] Weighted Error Value: White=0.31/Black=0.46} (42. Rf5 $142 Qxd4+ 43. Kh2 Qg7 44. Rxh5+ Qh7 45. Qf6+ Kg8 46. Rg5+ Qg6 47. Rxg6+ Kh7 48. Qg7#) 1-0